 Dungeon Crawl Stone Soup version 0.31-a0-14-gc80a10f4b6 (webtiles) character file.

Game seed: 11918927728946648189

14066 greenreed the Destroyer (level 11, -4/74 HPs)
             Began as a Green Draconian Conjurer on May 7, 2023.
             Was an Elder of Sif Muna.
             Slain by a meliai
             ... wielding a +0 hand axe
              (10 damage)
             ... on level 12 of the Dungeon.
             The game lasted 00:48:09 (18075 turns).

greenreed the Destroyer (Green Draconian Conjurer) Turns: 18075, Time: 00:48:10

Health: -4/74      AC:  9    Str:  9    XL:     11   Next: 83%
Magic:  25/25      EV: 19    Int: 23    God:    Sif Muna [****..]
Gold:   668        SH:  0    Dex: 10    Spells: 24/31 levels left

rFire   . . .        (no weapon)
rCold   . . .        (no shield)
rNeg    . . .        (body armour unavailable)
rPois   +            (helmet restricted)
rElec   .            A - +0 cloak {Will+}
rCorr   +            e - +0 pair of gloves
SInv    .            (no boots)
Will    +....        (no amulet)
Stlth   ++           c - +5 ring of evasion
HPRegen 0.32/turn    I - ring of resist corrosion
MPRegen 0.19/turn

%: no passive effects
@: no status effects
A: breathe noxious fumes, AC +7, unfitting armour, poison resistance,
cold-blooded, antennae 1, screaming 1
a: Breathe Noxious Fumes, Renounce Religion, Channel Magic, Forget Spell, Divine
Exegesis


You were on level 12 of the Dungeon.
You worshipped Sif Muna.
Sif Muna was greatly pleased with you.
You visited 2 branches of the dungeon, and saw 14 of its levels.
You also visited: Sewer.

You collected 668 gold pieces.

Inventory:

Hand Weapons
 B - a +2 whip of pain
 H - a +2 spear of freezing
Armour
 e - a +0 pair of gloves (worn)
 A - a +0 cloak of willpower (worn)
Jewellery
 c - a +5 ring of evasion (left hand)
 r - a +6 ring of dexterity
 v - an amulet of guardian spirit
 I - a ring of resist corrosion (right hand)
Wands
 u - a wand of iceblast (9)
 D - a wand of charming (10)
 J - a wand of flame (9)
Scrolls
 b - 15 scrolls of identify {unknown}
 f - 3 scrolls of magic mapping {unknown}
 g - 5 scrolls of enchant weapon {unknown}
 h - 5 scrolls of noise {unknown}
 l - 7 scrolls of teleportation {unknown}
 m - 2 scrolls of enchant armour {unknown}
 o - 2 scrolls of fog {unknown}
 p - a scroll of fear {unknown}
 y - 8 scrolls of vulnerability {unknown}
 C - 3 scrolls of amnesia {unknown}
 F - 2 scrolls of immolation {unknown}
 K - 2 scrolls of summoning {unknown}
 L - a scroll of blinking {unknown}
Potions
 a - 2 potions of haste {unknown}
 d - a potion of ambrosia {unknown}
 i - 5 potions of magic
 j - 3 potions of invisibility {unknown}
 k - 2 potions of heal wounds {unknown}
 n - 2 potions of might {unknown}
 q - 2 potions of cancellation {unknown}
 s - 3 potions of brilliance {unknown}
 t - 11 potions of curing
 w - a potion of lignification {unknown}
 x - a potion of flight {unknown}
 z - 3 potions of degeneration {unknown}
 E - a potion of resistance {unknown}
 G - a potion of mutation


   Skills:
 + Level 7.6 Dodging
 - Level 2.0 Stealth
 * Level 10.7 Spellcasting
 * Level 12.0 Conjurations
 + Level 0.0 Ice Magic
 + Level 7.8 Invocations


You had 24 spell levels left.
You knew the following spells:

 Your Spells              Type           Power      Damage    Failure   Level
a - Magic Dart            Conj           100%       1d8       1%          1
b - Searing Ray           Conj           100%       2d8       1%          2
c - Fulminant Prism       Conj/Hex       20%        3d12      4%          4

Your spell library contained the following spells:

 Spells                   Type           Power      Damage    Failure   Level
 Shock                    Conj/Air       100%       1d9       1%          1
 Dazzling Flash           Conj/Hex       80%        N/A       1%          3
 Hailstorm                Conj/Ice       40%        3d10      1%          3
 Iskenderun's Mystic Bla  Conj/Tloc      40%        2d9       4%          4
 Apportation              Tloc           24%        N/A       5%          1
 Necrotise                Necr           48%        1d6       5%          1
 Summon Small Mammal      Summ           48%        N/A       5%          1
 Cigotuvi's Dreadful Rot  Necr/Pois/Air  24%        N/A       8%          2
 Lesser Beckoning         Tloc           24%        N/A       8%          2
 Gell's Gravitas          Tloc           12%        N/A       16%         3
 Ignite Poison            Fire/Tmut/Pois 12%        N/A       16%         3
 Swiftness                Air            12%        N/A       16%         3
 Teleport Other           Tloc           12%        N/A       16%         3
 Freezing Cloud           Conj/Ice/Air   15%        6-21      28%         5
 Airstrike                Air            6%         2d(1-17)  45%         4
 Ice Form                 Ice/Tmut       12%        N/A       45%         4
 Iron Shot                Conj/Erth      20%        9d5       56%         6
 Blade Hands              Tmut           6%         N/A       82%         5
 Simulacrum               Ice/Necr       6%         N/A       100%        6
 Animate Armour           Summ/Erth      Unusable   N/A       N/A         4

Dungeon Overview and Level Annotations

Branches:
Dungeon (13/15)            Temple (1/1) D:5            Lair (0/5) D:9
    Orc (0/2) D:11          Sewer (visited)
 Vaults: D:13-14

Altars:
Ashenzari
Cheibriados
Dithmenos
Elyvilon
Fedhas
Gozag
Hepliaklqana
Kikubaaqudgha
Makhleb
Nemelex Xobeh
Okawaru
Qazlal
Ru
Sif Muna
Trog
Uskayaw
Vehumet
Wu Jian
Xom
Yredelemnul
Zin
The Shining One

Shops:
D:3 :

Annotations:
D:7 2 transporters


Innate Abilities, Weirdness & Mutations

You can breathe blasts of noxious fumes.
Your lurid green scales are hard. (AC +7)
You cannot fit into any form of body armour.
Your system is resistant to poisons. (rPois)
You are cold-blooded and may be slowed by cold attacks.
You have a pair of small antennae on your head.
You occasionally shout uncontrollably at your foes.


Message History

There is a stone staircase leading up here.
You climb upwards.
There is a stone staircase leading down here.
There is a stone staircase leading down here.
Okay, then.
You climb downwards.
The centaur warrior shouts!
The meliai buzzes angrily. x3
The meliai closely misses you. The meliai misses you.
The meliai mumbles some strange prayers to its god against you.
Something smites you! The meliai misses you.
The meliai stings you but does no damage.
The centaur shouts!
There is a stone staircase leading up here.
Unknown command.
The meliai closely misses you. The meliai misses you.
The meliai hits you with a +0 war axe! The meliai barely misses you.
The meliai closely misses you. x6
You climb upwards.
There is a stone staircase leading down here.
Unknown command.
Unknown command.
The meliai hits you with a +0 hand axe. The meliai closely misses you. x2
The meliai stings you!
You are poisoned.
The meliai poisons you! The meliai misses you. The meliai stings you.
You feel very sick. The meliai completely misses you. The meliai misses you.
The meliai hits you with a +0 hand axe!
* * * LOW HITPOINT WARNING * * *
The meliai stings you.
* * * LOW HITPOINT WARNING * * *
The meliai hits you with a +0 war axe.
* * * LOW HITPOINT WARNING * * *
The meliai stings you but does no damage.
It was a potion of curing.
You feel better. The meliai barely misses you.
The meliai stings you but does no damage.
The meliai hits you with a +0 war axe!
* * * LOW HITPOINT WARNING * * *
The meliai barely misses you. The meliai hits you with a +0 hand axe!
You die...

####....................####....#
#......##............###..##.#
##.....................##.###.#
###.......##.............#..###.#
..........###..(...........###..#
.###.......##....................
###........##............#####.##
###.#..###..#............####..##
#......# ##.....@....#..###...###
...##.## ##...yy....#..# #.##...
...##.# #...>........# #....#.
##..#.# #..........#.###..###.
###.#.# #..........#.##...###.
..#.#.######..........#.##.#.##..
#.....##......##.#..#.#..........
#........#.##.##..............##.
#...........#.##............####.


You could see 2 meliai.

Vanquished Creatures
  A boulder beetle (D:11)
  2 two-headed ogres
  A wolf spider (D:9)
  A manticore (D:12)
  A cyclops (D:12)
  A gargoyle (D:12)
  2 kobold demonologists (D:12)
  A wyvern (D:9)
  A shadow (D:9)
  A wraith (D:9)
  2 steam dragons (D:8)
  18 yaks
  Grum (D:9)
  10 vampire mosquitoes
  2 acid dragons
  An ice beast (D:6)
  Duvessa (D:5)
  An orc warrior (D:11)
  3 sky beasts
  4 wolves (D:9)
  An ogre (D:6)
  4 centaurs
  3 kobold brigands
  Blork the orc (D:5)
  6 bullfrogs
  4 scorpions
  A gnoll sergeant (D:9)
  41 killer bees
  Dowan (D:5)
  7 howler monkeys
  2 gnoll boudas (D:6)
  A hound (D:5)
  2 jellies
  3 orc priests
  3 sleepcaps
  Terence (D:3)
  5 iguanas
  6 orc wizards
  Robin (D:2)
  18 gnolls
  8 river rats (Sewer)
  13 adders
  A shadow imp (D:5)
  A white imp (D:8)
  An ufetubus (D:6)
  3 worms
  4 dart slugs
  36 orcs
  14 ball pythons
  7 endoplasms
  4 giant cockroaches
  15 goblins
  6 hobgoblins
  4 jackals (D:1)
  5 quokkas
  5 bats
  5 frilled lizards
  14 kobolds
  31 rats
343 creatures vanquished.

Vanquished Creatures (collateral kills)
  An orc (D:8)
1 creature vanquished.

Vanquished Creatures (others)
  3 orcs (D:8)
  9 fulminant prisms (D:12)
12 creatures vanquished.

Grand Total: 356 creatures vanquished

Notes
Turn   | Place    | Note
-------+----------+-------------------------------------------
     0 | D:1      | greenreed the Draconian Conjurer began the quest for the
                  | Orb.
     0 | D:1      | Reached XP level 1. HP: 14/14 MP: 3/3
   370 | D:1      | Reached XP level 2. HP: 4/20 MP: 0/5
   440 | D:1      | You fall into a shaft and drop 1 floor!
   954 | D:2      | Reached XP level 3. HP: 26/26 MP: 2/6
  1128 | D:2      | Noticed Robin
  1173 | D:2      | Killed Robin
  1887 | D:1      | Reached XP level 4. HP: 33/33 MP: 4/8
  2328 | D:2      | Learned a level 2 spell: Searing Ray
  2625 | D:3      | Found a glowing drain.
  2702 | Sewer    | Entered a sewer
  2961 | Sewer    | Reached skill level 5 in Conjurations
  2961 | Sewer    | Reached XP level 5. HP: 38/38 MP: 1/10
  3660 | Sewer    | Reached XP level 6. HP: 23/45 MP: 1/12
  3687 | Sewer    | HP: 2/45 [bullfrog (2)]
  3689 | Sewer    | Gained mutation: You are occasionally teleported next to
                  | monsters. [potion of mutation]
  4075 | D:3      | Noticed Terence
  4081 | D:3      | Killed Terence
  4357 | D:3      | Found Zaoqef's Book Boutique.
  5036 | D:4      | Reached skill level 6 in Conjurations
  5255 | D:4      | Your scales start taking on a lurid green colour.
  5255 | D:4      | Reached XP level 7. HP: 50/50 MP: 8/13
  5255 | D:4      | Gained mutation: Your system is resistant to poisons.
                  | (rPois) [Green Draconian growth]
  5609 | D:5      | Entered Level 5 of the Dungeon
  5740 | D:5      | Found a staircase to the Ecumenical Temple.
  5782 | Temple   | Entered the Ecumenical Temple
  6227 | Temple   | Became a worshipper of Sif Muna the Loreminder
  6388 | D:5      | Noticed Dowan
  6561 | D:5      | Noticed Blork the orc
  6568 | D:5      | Killed Blork the orc
  6569 | D:5      | Reached skill level 5 in Spellcasting
  6788 | D:5      | Noticed Duvessa
  6803 | D:5      | Killed Dowan
  6804 | D:5      | Reached skill level 1 in Invocations
  6807 | D:5      | Killed Duvessa
  7006 | D:5      | Reached XP level 8. HP: 57/57 MP: 0/16
  7223 | D:5      | Lost mutation: You are occasionally teleported next to
                  | monsters. [potion of mutation]
  7223 | D:5      | Gained mutation: You have a pair of small antennae on your
                  | head. [potion of mutation]
  7223 | D:5      | Gained mutation: You occasionally shout uncontrollably at
                  | your foes. [potion of mutation]
  7298 | D:6      | Reached skill level 7 in Conjurations
  7343 | D:6      | Found an opulent altar of Gozag.
  7345 | D:6      | Found a radiant altar of Vehumet.
  7763 | D:6      | Reached * piety under Sif Muna
  8392 | D:6      | Reached skill level 8 in Conjurations
  8971 | D:7      | Reached XP level 9. HP: 54/62 MP: 8/19
  9289 | D:7      | Found a transporter.
  9298 | D:7      | Found a transporter.
  9310 | D:7      | Reached skill level 5 in Dodging
  9883 | D:8      | Reached ** piety under Sif Muna
 10561 | D:8      | Noticed a troll
 10759 | D:9      | Reached skill level 9 in Conjurations
 10977 | D:9      | Found a staircase to the Lair.
 11020 | D:9      | Noticed Grum
 11026 | D:9      | Killed Grum
 11030 | D:9      | Reached skill level 5 in Invocations
 11227 | D:9      | Reached XP level 10. HP: 69/69 MP: 13/22
 11346 | D:9      | Noticed a wolf spider
 11359 | D:9      | Killed a wolf spider
 11800 | D:10     | Entered Level 10 of the Dungeon
 11881 | D:10     | Reached skill level 10 in Conjurations
 12138 | D:10     | Noticed a two-headed ogre
 12957 | D:9      | Reached *** piety under Sif Muna
 13884 | D:9      | Reached XP level 11. HP: 52/74 MP: 17/24
 14069 | D:10     | Identified the staff of fire "Asutag Xudd" {+Blink rElec
                  | rF+ Str-5}
 14396 | D:9      | Killed a two-headed ogre
 14397 | D:9      | Reached skill level 11 in Conjurations
 15100 | D:11     | Reached **** piety under Sif Muna
 15204 | D:11     | Noticed a boulder beetle
 15972 | D:11     | Found a staircase to the Orcish Mines.
 16127 | D:11     | Noticed a two-headed ogre
 16137 | D:11     | Killed a two-headed ogre
 16138 | D:11     | Reached skill level 10 in Spellcasting
 16356 | D:11     | Killed a boulder beetle
 16866 | D:11     | Learned a level 4 spell: Fulminant Prism
 17580 | D:12     | Reached skill level 12 in Conjurations
 17805 | D:12     | Found a shimmering altar of Xom.
 17806 | D:12     | Found a shimmering altar of Xom.
 17806 | D:12     | Found a shimmering altar of Xom.
 17806 | D:12     | Found a shimmering altar of Xom.
 17806 | D:12     | Found a shimmering altar of Xom.
 17806 | D:12     | Found a shimmering altar of Xom.
 17807 | D:12     | Found a shimmering altar of Xom.
 17808 | D:12     | Found a shimmering altar of Xom.
 18051 | D:13     | Noticed a four-headed hydra
 18070 | D:13     | Noticed a centaur warrior
 18075 | D:12     | Slain by a meliai

Illustrated notes

Levels and vault maps discovered:
D:1:      dpeg_arrival_pond, layout_loops_cross, nicolae_figureground_pulse
D:2:      layout_basic, uniq_robin
D:3:      layout_loops_corners, serial_shops, nicolae_shop_waterfront,
          gup_sewer_entry_glass, hangedman_abyss_or_decor_stabs, uniq_terence
D:4:      layout_basic
D:5:      layout_rooms, minmay_temple_entry_nine_rooms, uniq_blork_the_orc,
          uniq_duvessa
D:6:      nicolae_whirlpool, layout_basic, mainiacjoe_overflow_catwalk_spiral
D:7:      gammafunk_steamed_eel, layout_rooms, kennysheep_generic_room_13
D:8:      layout_rooms, lightli_corner_chamber
D:9:      layout_roguey, lair_entry_dummy, serial_glass, glass_columns_a,
          glass_columns_c, kennysheep_just_a_vault, uniq_grum
D:10:     wad_woods_minihive, layout_cave_pools
D:11:     layout_roguey, hiddenorc1_lemuel
D:12:     layout_rooms, xom_shifter_show
D:13:     layout_loops_cross, ximxim_vaults_locker_room, minmay_fountain_box,
          uniq_lodul, uniq_erolcha
Temple:   mainiacjoe_temple_big_plus

Skill      XL: |  1  2  3  4  5  6  7  8  9 10 11 |
---------------+----------------------------------+-----
Stealth        | 2 |  2.0
Dodging        | 2 3 4 5 6 7 |  7.6
Spellcasting   | 3 4 5 6 8 9 10 | 10.7
Conjurations   | 5 6 8 9 10 12 | 12.0
Invocations    | 1 3 5 6 7 |  7.8

Action                     |  1- 3 |  4- 6 |  7- 9 | 10-12 || total
---------------------------+-------+-------+-------+-------++-------
  Melee: Unarmed           |    38 |    24 |       |       ||    62
         Tailslap          |     1 |     1 |       |       ||     2
         Punch             |       |     1 |       |       ||     1
   Cast: Magic Dart        |    91 |   156 |   225 |   207 ||   679
         Searing Ray       |       |    18 |    42 |   104 ||   164
         Fulminant Prism   |       |       |       |     9 ||     9
Ability: Breathe Noxious F |       |       |    20 |    28 ||    48
    Use: Potion            |       |     2 |     1 |     1 ||     4
 Armour: Skin              |    12 |    43 |    20 |    93 ||   168
  Dodge: Dodged            |    52 |   157 |    84 |   503 ||   796

Table legend: (Time is in decaauts)
 A = Elapsed time spent in this place.
 B = Non-inter-level travel time spent in this place.
 C = Inter-level travel time spent in this place.
 D = Time resting spent in this place.
 E = Time spent auto-exploring this place.
 F = Levels seen in this place.
 G = Mean time per level.
                   A        B        C        D        E       F      G
               +--------+--------+--------+--------+--------+-----+--------+
         Total |  18186 |  17314 |    872 |   2752 |  11861 |  15 | 1212.4 |
       Dungeon |  16460 |  15636 |    824 |   2752 |  10439 |  13 | 1266.2 |
        Temple |    468 |    420 |     48 |      0 |    412 |   1 |  468.0 |
         Sewer |   1257 |   1257 |      0 |      0 |   1010 |   1 | 1257.0 |
               +--------+--------+--------+--------+--------+-----+--------+

Top non-repeatable levels by time:
     D:9: 3388 daAuts
    D:11: 2341 daAuts
     D:6: 1693 daAuts
     D:2: 1321 daAuts
     D:1: 1278 daAuts
   Sewer: 1257 daAuts
     D:3: 1212 daAuts
     D:5: 1108 daAuts
     D:7: 922 daAuts
    D:10: 879 daAuts
    D:12: 858 daAuts
     D:8: 767 daAuts
     D:4: 670 daAuts
  Temple: 468 daAuts
    D:13: 18 daAuts
